 Dungeon Crawl Stone Soup version 0.27-a0-263-gc8dee61f84 (webtiles) character file.

Game seed: 12570841635120082924

68 knot the Chopper (level 4, 34/35 HPs)
             Began as a Demonspawn Berserker on Feb 5, 2021.
             Was a Believer of Trog.
             Quit the game on level 2 of the Dungeon.
             The game lasted 00:01:00 (2108 turns).

knot the Chopper (Demonspawn Berserker)             Turns: 2108, Time: 00:01:00

Health: 34/35      AC:  2    Str: 18    XL:     4   Next: 1%
Magic:  4/4        EV: 12    Int:  9    God:    Trog [**....]
Gold:   98         SH:  0    Dex: 12    Spells: 3/3 levels left

rFire    . . .     SeeInvis .   a - +0 hand axe
rCold    . . .     Faith    .   (no shield)
rNeg     . . .     Spirit   .   b - +0 animal skin
rPois    .         Reflect  .   (helmet restricted)
rElec    .         Harm     .   (no cloak)
rCorr    .         Rampage  .   (no gloves)
Will     .....                  (no boots)
Stlth    +.........             (no amulet)
HPRegen  0.11/turn              (no ring)
MPRegen  0.09/turn              (no ring)

@: no status effects
A: antennae 1, powered by pain 1
a: Renounce Religion, Berserk, Trog's Hand


You were on level 2 of the Dungeon.
You worshipped Trog.
Trog was pleased with you.
You visited 1 branch of the dungeon, and saw 2 of its levels.

You collected 98 gold pieces.

Inventory:

Hand Weapons
 a - a +0 hand axe (weapon)
Missiles
 d - 65 stones
 k - 2 javelins
Armour
 b - a +0 animal skin (worn)
Scrolls
 c - 2 scrolls of identify {unknown}
 e - a scroll of magic mapping {unknown}
 f - a scroll of blinking {unknown}
 g - a scroll of amnesia {unknown}
 i - a scroll of fog {unknown}
 j - a scroll of remove curse {unknown}
 l - a scroll of teleportation {unknown}
Potions
 h - a potion of heal wounds {unknown}


   Skills:
 - Level 3.0 Fighting
 + Level 4.4 Axes
 - Level 1.7 Armour
 - Level 1.7 Dodging


You had 3 spell levels left.
You didn't know any spells.
Your spell library was empty.

Dungeon Overview and Level Annotations

Branches:
Dungeon (2/15)

Altars:


Innate Abilities, Weirdness & Mutations

You have a pair of small antennae on your head.
You sometimes gain a little power by taking damage.


Message History

You feel sick.
You feel sick.
You are no longer poisoned.
There is a stone staircase leading down here.
Found a stone staircase leading up.
No target in view!
A goblin comes into view.
A goblin is nearby!
The goblin shouts!
You hear a shout!
Found 11 gold pieces.
A giant cockroach comes into view.
The goblin hits you.
You slash the goblin!
You kill the goblin!
Trog accepts your kill.
A goblin comes into view. It is wielding a -2 dagger.
You have reached level 4!
You feel stronger.
Your demonic ancestry asserts itself...
You feel energised by your suffering.
Are you sure you want to abandon this character and quit the game? (Confirm with "yes".)

#..# ## .g....
##.# # .....##
#.# B....$ #.#
.....
..#####.#####
# ...#
#.....#.#....
.. ..#
#.#####.#####
#######†# #.#
# ......<@#
#.# #####...#
#.###
...(....#
#.#.#
........##
#...###
.........#
###....
#+##+##.##
#<.....
........######
#.#####
#............#
#.#
####.#######.#
#.#


You could see a giant cockroach and a goblin.

Vanquished Creatures
  2 adders (D:2)
  An ooze (D:1)
  A worm (D:2)
  A dart slug (D:2)
  3 giant cockroaches
  6 goblins
  4 hobgoblins
  4 jackals (D:1)
  5 bats
  3 frilled lizards
  3 kobolds (D:1)
  8 rats
41 creatures vanquished.

Notes
Turn   | Place    | Note
-------+----------+-------------------------------------------
     0 | D:1      | knot the Demonspawn Berserker began the quest for the Orb.
     0 | D:1      | Reached XP level 1. HP: 18/18 MP: 1/1
    33 | D:1      | Reached skill level 3 in Axes
   175 | D:1      | Gained mutation: You have a pair of small antennae on your
                  | head. [demonic ancestry]
   175 | D:1      | Reached XP level 2. HP: 24/24 MP: 2/2
   687 | D:1      | Reached ** piety under Trog
   936 | D:1      | Reached XP level 3. HP: 29/29 MP: 3/3
  1243 | D:2      | Reached skill level 4 in Axes
  2108 | D:2      | Gained mutation: You sometimes gain a little power by
                  | taking damage. [demonic ancestry]
  2108 | D:2      | Reached XP level 4. HP: 34/35 MP: 4/4
  2108 | D:2      | Quit the game

Illustrated notes

Levels and vault maps discovered:
D:1:      saegor_arrival_under_anarchy, layout_loops_ring, due_unseen_surprise
D:2:      layout_basic, serial_co_window_serial, co_window_of_opportunity_a,
          co_window_corner_a, co_window_corner_a, co_window_paths_a,
          co_window_paths_b, co_window_paths_a, co_window_cross_1,
          co_window_of_opportunity_a, co_window_paths_b, co_window_corner_ca,
          co_window_corner_ca, co_window_corner_ca, glass_columns_a

Skill      XL: |  1  2  3 |
---------------+----------+-----
Axes           | 3 4 |  4.4
Fighting       | |  3.0
Armour         | |  1.7
Dodging        | |  1.7

Action                   |  1- 3 |  4- 6 || total
-------------------------+-------+-------++-------
Melee: Hand axe          |   111 |       ||   111
Invok: Berserk           |     3 |       ||     3
 Stab: Sleeping          |     3 |       ||     3
Armor: Animal skin       |    26 |       ||    26
Dodge: Dodged            |    61 |       ||    61

Table legend: (Time is in decaauts)
 A = Elapsed time spent in this place.
 B = Non-inter-level travel time spent in this place.
 C = Inter-level travel time spent in this place.
 D = Time resting spent in this place.
 E = Time spent auto-exploring this place.
 F = Levels seen in this place.
 G = Mean time per level.
                   A        B        C        D        E       F      G
               +--------+--------+--------+--------+--------+-----+--------+
         Total |   2151 |   2120 |     31 |    527 |   1351 |   2 | 1075.5 |
       Dungeon |   2151 |   2120 |     31 |    527 |   1351 |   2 | 1075.5 |
               +--------+--------+--------+--------+--------+-----+--------+

Top non-repeatable levels by time:
     D:1: 1219 daAuts
     D:2: 931 daAuts
